AoeStats
← EisenEgon

Arabia

508224652Analyzed
1v1 RM · 9d ago on Sep 21, 2026· 25m 10s· 2 players
Game mode
Random Map
Map size
Tiny (2 player)
Population
200
Speed
Normal
Resources
Standard
Victory
Conquest
Starting age
Dark Age
Ending age
Imperial Age
RankedLock teamsTeams togetherTeam positionsShared explorationLock speedFull tech treeHidden civsTurbo modeCheats
Victory
Defeat
🇸🇬 Saracens · Singapore
1322
+16
🇩🇪 Berbers · Germany
1327
-16
aggarwal.sukrit
7:10 Loom
9:43 Feudal Age
10:25 Double-Bit Axe
12:07 Horse Collar
20:15 Castle Age
18:43 Gold Mining
19:28 Scale Barding Armor
20:44 Fletching
20:16 Crossbowman
21:27 Bodkin Arrow
24:54 Wheelbarrow
25:05 Bloodlines
EisenEgon
5:54 Loom
8:50 Feudal Age
11:52 Double-Bit Axe
20:27 Castle Age
20:01 Horse Collar
21:06 Padded Archer Armor
22:56 Bow Saw
23:18 Fletching
24:09 Leather Archer Armor
Connection lost

Rejoining the realm…

Still unreachable

The connection could not be restored.

Session expired

The server has moved on; the page needs a fresh start.